 Dungeon Sprint DCSS version 0.30-a0-840-ga523dec638 (webtiles) character file.

Game seed: 11980578428257700356

1813 NinjaNoafa the Fighter (level 9, -5/85 HPs)
             Began as a Hill Orc Monk on Mar 2, 2023.
             Was a Priest of Hepliaklqana.
             Slain by a blink frog (10 damage)
             ... in the Dungeon (Sprint VII: "The Pits").
             The game lasted 00:05:56 (691 turns).

NinjaNoafa the Fighter (Hill Orc Monk)               Turns: 691, Time: 00:05:56

Health: -5/85      AC: 14    Str: 18    XL:     9   Next: 10%
Magic:  16/16      EV:  8    Int: 10    God:    Hepliaklqana [***...]
Gold:   0          SH:  0    Dex: 13    Spells: 8/8 levels left

rFire   . . .      SeeInvis .    a - +0 halberd
rCold   . . .      Faith    .    (shield currently unavailable)
rNeg    . . .      Spirit   .    n - +3 chain mail
rPois   .          Reflect  .    (no helmet)
rElec   .          Harm     .    (no cloak)
rCorr   .          Rampage  .    (no gloves)
Will    .....      NoTele   +    (no boots) Stlth
                                 (no amulet)
HPRegen 0.34/turn                (no ring)
MPRegen 0.15/turn                (no ring)

@: no status effects
A: reduced essence
a: Renounce Religion, Recall Ancestor, Ancestor Identity, Transference


You were in the Dungeon.
You worshipped Hepliaklqana.
Hepliaklqana was most pleased with you.
You visited 1 branch

Inventory:

Hand Weapons
 a - a +0 halberd (weapon)
Missiles
 c - 2 boomerangs (quivered)
Armour
 b - a +0 robe
 n - a +3 chain mail (worn)
Scrolls
 k - 5 scrolls of amnesia
 m - 2 scrolls of vulnerability
Potions
 g - 4 potions of magic


   Skills:
 + Level 14.1 Fighting
 - Level 13.2 Polearms
 - Level 9.0 Armour
 - Level 2.4 Dodging
 - Level 1.5 Stealth
 - Level 9.9 Invocations


You had 8 spell levels left.
You didn't know any spells.
Your spell library was empty.

Dungeon Overview and Level Annotations

Branches:
Dungeon (1/1)

Altars:
Ashenzari
Cheibriados
Dithmenos
Elyvilon
Fedhas
Gozag
Hepliaklqana
Kikubaaqudgha
Makhleb
Nemelex Xobeh
Okawaru
Qazlal
Ru
Sif Muna
Trog
Uskayaw
Vehumet
Wu Jian
Xom
Yredelemnul
Zin
The Shining One
Beogh
Jiyva
Lugonu


Message History

* * * LOW HITPOINT WARNING * * *
The blink frog blinks!
You puncture the blink frog!
You kill the blink frog!
Your Armour skill increases to level 9!
You have reached level 9!
Your experience leads to an increase in your attributes!
Increase (S)trength, (I)ntelligence, or (D)exterity?
You feel stronger. x2
You hit the blink frog.
The blink frog is moderately wounded.
The blink frog closely misses you.
You closely miss the blink frog.
The blink frog is moderately wounded.
You recover from your berserk rage.
The blink frog closely misses you.
You closely miss the blink frog.
The blink frog is moderately wounded.
The blink frog hits you but does no damage. x2
You hit the blink frog.
The blink frog is heavily wounded.
The blink frog completely misses you.
You hit the blink frog but do no damage.
The blink frog is moderately wounded.
The blink frog blinks!
Okay, then.
You completely miss the blink frog.
The blink frog is almost dead.
The blink frog hits you but does no damage.
The blink frog blinks!
You closely miss the blink frog.
The blink frog is almost dead.
The blink frog hits you.
* * * LOW HITPOINT WARNING * * *
The blink frog hits you.
* * * LOW HITPOINT WARNING * * *
You completely miss the blink frog.
The blink frog is almost dead.
The blink frog hits you!
You die...

#_______...#######
##########'##.....
#..(.))))).##.....
##########.##.....
#...........'.....
#'#####'#####.....
#.#.)#).#.[##.....
#F#..)..#))#####'#
#@#.)####))##.....
#.#..#..#))##.....
#)#..#..#..##.....
#F##'#..#'###...<.
#.#........##.....
#.#........##.....
#'###########.....
#§......#))#######
#...#...#†######


You could see 2 blink frogs.

Vanquished Creatures
  3 blink frogs (D)
  A flying skull (D)
  A yak (D)
  Menkaure (D)
  Edmund (D)
  A warg (D)
  Pargi (D)
  3 wolves (D)
  A hound (D)
  A quasit (D)
  An orc priest (D)
  A jelly (D)
  An orc wizard (D)
  A gnoll (D)
  3 orcs (D)
  An endoplasm (D)
  3 giant cockroaches (D)
  A goblin (D)
  A kobold (D)
  A rat (D)
28 creatures vanquished.

Vanquished Creatures (collateral kills)
  An orc warrior (D)
  An orc priest (D)
  An orc wizard (D)
  An orc (D)
  A kobold (D)
5 creatures vanquished.

Vanquished Creatures (others)
  6 knights (D)
6 creatures vanquished.

Grand Total: 39 creatures vanquished

Notes
Turn   | Place    | Note
-------+----------+-------------------------------------------
     0 | D        | NinjaNoafa the Hill Orc Monk began the quest for the Orb.
     0 | D        | Reached XP level 1. HP: 19/19 MP: 1/1
    47 | D        | Found a bloodstained altar of Trog.
    47 | D        | Found a shimmering blue altar of Sif Muna.
    47 | D        | Found a viscous altar of Jiyva.
    47 | D        | Found a hazy altar of Hepliaklqana.
    47 | D        | Found an opulent altar of Gozag.
    48 | D        | Found a glowing golden altar of the Shining One.
    48 | D        | Found a glowing silver altar of Zin.
    48 | D        | Found a basalt altar of Yredelemnul.
    48 | D        | Found a shimmering altar of Xom.
    48 | D        | Found an ornate altar of the Wu Jian Council.
    48 | D        | Found a sacrificial altar of Ru.
    48 | D        | Found a stormy altar of Qazlal.
    48 | D        | Found an iron altar of Okawaru.
    48 | D        | Found a sparkling altar of Nemelex Xobeh.
    48 | D        | Found a burning altar of Makhleb.
    48 | D        | Found a blossoming altar of Fedhas.
    48 | D        | Found a white marble altar of Elyvilon.
    48 | D        | Found a shadowy altar of Dithmenos.
    48 | D        | Found a snail-covered altar of Cheibriados.
    50 | D        | Found a corrupted altar of Lugonu.
    50 | D        | Found a radiant altar of Vehumet.
    50 | D        | Found a roughly hewn altar of Beogh.
    51 | D        | Found a broken altar of Ashenzari.
    51 | D        | Found an ancient bone altar of Kikubaaqudgha.
    51 | D        | Found a hide-covered altar of Uskayaw.
    52 | D        | Became a worshipper of Hepliaklqana the Forgotten
    52 | D        | Reached * piety under Hepliaklqana
    52 | D        | Reached ** piety under Hepliaklqana
    61 | D        | Remembered your ancestor Jaydra as a knight
    76 | D        | Reached skill level 5 in Polearms
    77 | D        | Reached XP level 2. HP: 23/23 MP: 2/2
   106 | D        | Reached XP level 3. HP: 27/27 MP: 0/6
   107 | D        | Reached skill level 5 in Invocations
   196 | D        | Noticed a flying skull
   213 | D        | Noticed Menkaure
   224 | D        | Killed a flying skull
   225 | D        | Reached skill level 11 in Fighting
   225 | D        | Reached XP level 4. HP: 33/49 MP: 8/8
   225 | D        | Reached XP level 5. HP: 36/54 MP: 9/9
   238 | D        | Reached skill level 1 in Armour
   238 | D        | Reached XP level 6. HP: 44/61 MP: 10/10
   244 | D        | Killed Menkaure
   245 | D        | Reached skill level 12 in Fighting
   255 | D        | Noticed Edmund
   414 | D        | Killed Edmund
   415 | D        | Reached skill level 13 in Fighting
   415 | D        | Reached skill level 5 in Armour
   415 | D        | Reached XP level 7. HP: 43/71 MP: 11/11
   523 | D        | Reached *** piety under Hepliaklqana
   523 | D        | Noticed a warg
   533 | D        | Killed a warg
   544 | D        | Noticed a yak
   550 | D        | Killed a yak
   551 | D        | Reached skill level 10 in Polearms
   553 | D        | Noticed Pargi
   562 | D        | Reached XP level 8. HP: 65/79 MP: 13/13
   579 | D        | Killed Pargi
   603 | D        | Noticed a blink frog
   603 | D        | Noticed a blink frog
   603 | D        | Noticed a blink frog
   603 | D        | Noticed a blink frog
   603 | D        | Noticed a blink frog
   614 | D        | Reached skill level 14 in Fighting
   638 | D        | Killed a blink frog
   652 | D        | Killed a blink frog
   664 | D        | HP: 4/80 [blink frog (10)]
   683 | D        | Killed a blink frog
   684 | D        | Reached XP level 9. HP: 14/85 MP: 16/16
   691 | D        | Slain by a blink frog

Illustrated notes

Levels and vault maps discovered:
D:        pitsprint [storerooms_1, entrance_room_1, metal_vault_8, armoury_1,
          mini_pit_1, grid_room_1, main_hall_1, silver_pit, the_coven_1,
          the_vestibule_1, steel_vault_5, golden_pit, hallway_of_sentries,
          crystal_vault_2, iron_vault_4, final_vault]

Skill      XL: |  1  2  3  4  5  6  7  8 |
---------------+-------------------------+-----
Polearms       | 5 6 7 9 10 13 | 13.2
Invocations    | 4 5 7 9 |  9.9
Fighting       | 11 13 14 | 14.1
Armour         | 1 5 7 9 |  9.0
Dodging        | |  2.4
Stealth        | |  1.5

Action                     |  1- 3 |  4- 6 |  7- 9 || total
---------------------------+-------+-------+-------++-------
  Melee: Spear             |    10 |       |       ||    10
         Trident           |    31 |    30 |    42 ||   103
         Halberd           |       |       |    47 ||    47
  Throw: Boomerang         |       |       |     1 ||     1
 Invoke: Ancestor Life: Kn |     1 |       |       ||     1
         Ancestor Identity |     1 |       |       ||     1
         Recall Ancestor   |     1 |       |       ||     1
         Transference      |       |       |     1 ||     1
    Use: Potion            |     7 |     4 |     8 ||    19
         Scroll            |     1 |       |     1 ||     2
   Stab: Invisible         |       |     1 |     3 ||     4
         Distracted        |       |       |     1 ||     1
 Armour: Robe              |     6 |       |       ||     6
         Chain mail        |     8 |     7 |    18 ||    33
  Dodge: Dodged            |    33 |     2 |    43 ||    78

Table legend: (Time is in decaauts)
 A = Elapsed time spent in this place.
 B = Non-inter-level travel time spent in this place.
 C = Inter-level travel time spent in this place.
 D = Time resting spent in this place.
 E = Time spent auto-exploring this place.
 F = Levels seen in this place.
 G = Mean time per level.
                   A        B        C        D        E       F      G
               +--------+--------+--------+--------+--------+-----+--------+
         Total |    675 |    637 |     38 |    202 |      0 |   1 |  675.0 |
       Dungeon |    675 |    637 |     38 |    202 |      0 |   1 |  675.0 |
               +--------+--------+--------+--------+--------+-----+--------+

Top non-repeatable levels by time:
       D: 675 daAuts
